 Dungeon Crawl Stone Soup version 0.22-a0-136-g83a10e5 (webtiles) character file.

13426 varam the Destroyer (level 11, -3/78 HPs)
             Began as a Demonspawn Fire Elementalist on Feb 4, 2018.
             Was a High Priest of Cheibriados.
             Slain by a six-headed hydra (11 damage)
             ... on level 11 of the Dungeon.
             The game lasted 00:49:07 (13083 turns).

varam the Destroyer (Demonspawn Fire Elementalist) Turns: 13083, Time: 00:49:07

Health: -3/78      AC: 16    Str: 24    XL:     11   Next: 75%
Magic:  0/17       EV: 18    Int: 32    God:    Cheibriados [*****.]
Gold:   686        SH:  7    Dex: 28    Spells: 1/18 levels left

rFire    . . .     SeeInvis .   O - +2 scimitar (protect)
rCold    . . .     Gourm    .   P - +0 buckler
rNeg     . . .     Faith    .   u - +1 leather armour of Ohaureul {MR+ Slay+3 Stlth+}
rPois    .         Spirit   +   (no helmet)
rElec    .         Reflect  .   J - +1 cloak
rCorr    .         Harm     .   (no gloves)
MR       +....                  (no boots)
Stlth    ++++......             (no amulet)
HPRegen  0.23/turn              Q - ring of wizardry
MPRegen  0.15/turn              M - +3 ring of protection

@: protection aura, very slow
A: talons 2, repulsion field 1, demonic guardian 2, magic shield
a: Bend Time, Temporal Distortion, Slouch, Step From Time, Renounce Religion


You were on level 11 of the Dungeon.
You worshipped Cheibriados.
Cheibriados was extremely pleased with you.
You were not hungry.

You visited 2 branches of the dungeon, and saw 12 of its levels.
You also visited: Ossuary.

You collected 686 gold pieces.

Inventory:

Hand Weapons
 F - a +2 dagger of draining
 K - a +1 dagger of electrocution
 O - a +2 scimitar of protection (weapon)
Missiles
 a - 2 javelins (quivered)
 H - 2 tomahawks
Armour
 o - a +0 shield
 u - the +1 leather armour of Ohaureul (worn) {MR+ Slay+3 Stlth+}
   (You found it on level 9 of the Dungeon)

   It affects your accuracy and damage with ranged weapons and melee attacks
   (+3).
   It affects your resistance to hostile enchantments.
   It makes you more stealthy.
 A - a +0 robe of positive energy
 J - a +1 cloak (worn)
 P - a +0 buckler (worn)
Magical Staves
 N - an uncursed staff of summoning
Jewellery
 g - an uncursed ring of protection from fire
 n - an uncursed ring of protection from magic
 v - an uncursed ring of magical power
 M - a +3 ring of protection (right hand)
 Q - a ring of wizardry (left hand)
Wands
 s - a wand of disintegration (10)
 w - a wand of polymorph (11)
 y - a wand of digging (13)
 z - a wand of flame (35)
Scrolls
 d - 8 scrolls of teleportation
 h - a scroll of remove curse
 m - a scroll of fog {unknown}
 q - 3 scrolls of amnesia
 r - 8 scrolls of identify
 x - 2 scrolls of noise
 B - 3 scrolls of magic mapping {unknown}
 C - a scroll of blinking {unknown}
 D - a scroll of random uselessness {unknown}
 G - 4 scrolls of fear
 L - a scroll of enchant weapon {unknown}
Potions
 e - a potion of brilliance {unknown}
 f - a potion of haste {unknown}
 i - 5 potions of heal wounds
 k - 5 potions of flight {unknown}
 l - 5 potions of curing
 p - 2 potions of might {unknown}
 t - 3 potions of agility
 R - 2 potions of lignification {unknown}
 S - a potion of mutation {unknown}
Books
 b - a book of Flames

   Spells                             Type                      Level
   a - Flame Tongue                   Conjuration/Fire             1
   b - Throw Flame                    Conjuration/Fire             2
   c - Conjure Flame                  Conjuration/Fire             3
   d - Inner Flame                    Hexes/Fire                   3
   e - Sticky Flame                   Conjuration/Fire             4
   f - Fireball                       Conjuration/Fire             5
 E - a book of Misfortune

   Spells                             Type                      Level
   a - Confusing Touch                Hexes                        1
   b - Confuse                        Hexes                        3
   c - Gell's Gravitas                Translocation                3
   d - Petrify                        Transmutation/Earth          4
   e - Metabolic Englaciation         Hexes/Ice                    5
   f - Yara's Violent Unravelling     Hexes/Transmutation          5
 I - a book of Changes

   Spells                             Type                      Level
   a - Beastly Appendage              Transmutation                1
   b - Sticks to Snakes               Transmutation                2
   c - Spider Form                    Transmutation/Poison         3
   d - Ice Form                       Ice/Transmutation            4
   e - Blade Hands                    Transmutation                5
 U - a book of the Earth

   Spells                             Type                      Level
   a - Leda's Liquefaction            Hexes/Earth                  4
   b - Bolt of Magma                  Conjuration/Fire/Earth       5
   c - Statue Form                    Transmutation/Earth          6
   d - Iron Shot                      Conjuration/Earth            6
   e - Shatter                        Earth                        9
Comestibles
 c - 18 rations


   Skills:
 + Level 4.6 Fighting
 + Level 3.5 Long Blades
 + Level 2.1 Armour
 + Level 4.7 Dodging
 - Level 1.7 Stealth
 + Level 5.0 Shields
 + Level 4.0 Spellcasting
 + Level 12.0 Conjurations
 + Level 9.1 Fire Magic
 * Level 1.4 Earth Magic
 + Level 3.3 Invocations


You had one spell level left.
You knew the following spells:

 Your Spells              Type           Power        Failure   Level  Hunger
a - Flame Tongue          Conj/Fire      #####        1%          1    None
b - Throw Flame           Conj/Fire      ######       1%          2    None
c - Sticky Flame          Conj/Fire      ######..     1%          4    ####...
d - Fireball              Conj/Fire      ######....   1%          5    #####..
e - Bolt of Magma         Conj/Fire/Erth ######....   3%          5    #####..


Dungeon Overview and Level Annotations

Branches:
Dungeon (11/15)            Temple (1/1) D:7
   Lair: D:8-11         Orc: D:9-12

Altars:
Ashenzari
Cheibriados
Dithmenos
Elyvilon
Fedhas
Gozag
Hepliaklqana
Kikubaaqudgha
Makhleb
Nemelex Xobeh
Okawaru
Qazlal
Ru
Sif Muna
Trog
Uskayaw
Vehumet
Wu Jian
Xom
Yredelemnul
Zin
The Shining One

Shops:
D:5 }   D:8 *

Annotations:
D:2 Terence


Innate Abilities, Weirdness & Mutations

You have razor-sharp toenails.
You are surrounded by a mild repulsion field. (EV +2)
A demonic guardian rushes to your aid.
When hurt, damage is shared between your health and your magic reserves.


Message History

The six-headed hydra is heavily wounded.
The six-headed hydra bites you but does no damage. x2
You block the six-headed hydra's attack.
The six-headed hydra bites you!
* * * LOW HITPOINT WARNING * * *
You block the six-headed hydra's attack.
Casting: Sticky Flame (safe; 1% risk of failure)
Confirm with . or Enter, or press ? or * to list all spells.
You don't have enough magic to cast that spell.
Casting: Sticky Flame (safe; 1% risk of failure)
Confirm with . or Enter, or press ? or * to list all spells.
Aiming: Flame Tongue (safe; 1% risk of failure)
Press: ? - help, Shift-Dir - straight line, f/p - six-headed hydra
Aim: a six-headed hydra (heavily wounded, covered in liquid flames)
The flame tongue hits the six-headed hydra.
The six-headed hydra is severely wounded.
The six-headed hydra burns!
You block the six-headed hydra's attack.
The six-headed hydra bites you!
You die...

≈≈<≈≈# ≈≈ #....# ≈≈≈≈≈#### ##≈
#....# ≈≈≈≈≈...# #.. #....#
≈≈≈≈≈##.# #.# #....# ≈≈≈≈≈.#.#
#.# #....## ≈≈≈≈≈.#.###.#
#.#...$' #≈≈≈≈.#.....###
#......#
..≈≈≈.........##############)#
...≈............@h..........>#
#####....####.###D.≈.#########
(...(....# #.####.≈≈#......
#####....# #..##...4≈......
##...# ##.#≈.#.≈≈...... #####
#.≈..#..≈....).
#≈..###..≈≈≈### #≈..##
##..≈≈≈# #..## #..≈...


You could see a six-headed hydra (burning), a hound and a friendly ice devil.

Vanquished Creatures
  Fannar (D:10)
  3 two-headed ogres
  A cyclops (D:11)
  Joseph (D:7)
  A gargoyle (D:11)
  A troll (D:10)
  A slime creature (D:10)
  A centaur simulacrum (D:10)
  9 yaks
  A water elemental (D:11)
  A wyvern (D:8)
  3 hogs (D:9)
  A human (D:9)
  A hungry ghost (D:10)
  Edmund (D:5)
  Duvessa (D:5)
  6 orc warriors
  A black bear (D:9)
  6 ice beasts
  The ghost of Borgoz the Skirmisher, an amateur HOAK of Lugonu (D:3)
  A sky beast (D:9)
  2 phantoms
  A wolf (D:10)
  A centaur (D:10)
  A crocodile (D:10)
  2 big kobolds
  5 bullfrogs
  A water moccasin skeleton (D:10)
  A scorpion (D:5)
  Dowan (D:5)
  8 wights
  6 killer bees (D:8)
  5 electric eels (D:11)
  2 howler monkeys (D:6)
  3 crimson imps
  4 centaur zombies
  A bullfrog zombie (D:5)
  8 hounds
  A gnoll shaman (D:5)
  4 jellies
  12 orc wizards
  8 orc priests
  A bullfrog skeleton (D:9)
  An iguana (D:7)
  7 worker ants
  A bullfrog simulacrum (D:10)
  2 hound zombies
  2 hound skeletons
  A mummy (D:4)
  A worker ant zombie (D:10)
  6 gnolls
  11 adders
  4 shadow imps
  4 white imps (D:10)
  2 ufetubi (D:10)
  An adder skeleton (D:6)
  A worm (D:3)
  2 dart slugs
  2 leopard geckos
  57 orcs
  4 bats
  3 giant cockroaches
  5 goblins
  2 hobgoblins
  10 jackals
  6 kobolds
  2 quokkas
  3 frilled lizards
  A quokka zombie (D:5)
  7 rats
269 creatures vanquished.

Vanquished Creatures (collateral kills)
  2 two-headed ogres
  Maurice (D:8)
  A hornet (D:10)
  A centaur simulacrum (D:10)
  A yak (D:11)
  A sky beast (D:6)
  2 ogres
  Blork the orc (D:4)
  A bullfrog (D:11)
  A bullfrog zombie (D:5)
  A hound (D:4)
  An orc priest (D:6)
  A worker ant (D:11)
  A mummy (Ossuary)
  5 orcs
  A giant cockroach (D:5)
  3 jackals
  A quokka (D:3)
26 creatures vanquished.

Vanquished Creatures (others)
  31 plants (D:11)
31 creatures vanquished.

Grand Total: 326 creatures vanquished

Notes
Turn   | Place    | Note
-------+----------+-------------------------------------------
     0 | D:1      | varam the Demonspawn Fire Elementalist began the quest for the Orb.
     0 | D:1      | Reached XP level 1. HP: 13/13 MP: 3/3
   191 | D:1      | Gained mutation: A weak demonic guardian rushes to your aid. [demonic ancestry]
   191 | D:1      | Reached XP level 2. HP: 17/19 MP: 3/5
   317 | D:1      | Learned a level 2 spell: Throw Flame
   392 | D:3      | Reached skill level 2 in Conjurations
   392 | D:3      | Reached skill level 3 in Fire Magic
   408 | D:3      | Noticed Borgoz's ghost (amateur HOAK)
   472 | D:2      | Reached XP level 3. HP: 20/24 MP: 1/6
   641 | D:2      | Noticed Terence
  1199 | D:4      | Reached skill level 3 in Conjurations
  1199 | D:4      | Gained mutation: You have sharp toenails. [demonic ancestry]
  1199 | D:4      | Reached XP level 4. HP: 23/30 MP: 3/8
  1216 | D:4      | Found a sand-covered staircase.
  1226 | Ossuary  | Entered an ossuary
  1563 | D:3      | Killed Borgoz's ghost
  1563 | D:3      | Reached skill level 3 in Spellcasting
  1563 | D:3      | Reached XP level 5. HP: 16/35 MP: 1/9
  1989 | D:3      | Reached skill level 4 in Conjurations
  2283 | D:4      | Learned a level 4 spell: Sticky Flame
  2295 | D:4      | Gained mutation: You have razor-sharp toenails. [demonic ancestry]
  2295 | D:4      | Reached XP level 6. HP: 35/41 MP: 10/10
  2307 | D:4      | Reached skill level 4 in Fire Magic
  2467 | D:4      | Noticed Blork the orc
  2473 | D:4      | Killed Blork the orc
  2473 | D:4      | Reached skill level 5 in Conjurations
  2764 | D:4      | Reached XP level 7. HP: 16/46 MP: 0/11
  2937 | D:5      | Entered Level 5 of the Dungeon
  3029 | D:5      | Noticed Edmund
  3040 | D:5      | Killed Edmund
  3040 | D:5      | Reached skill level 6 in Conjurations
  3465 | D:5      | Found Deimn's Gadget Emporium.
  3470 | D:5      | Found a glowing golden altar of the Shining One.
  3527 | D:5      | Reached skill level 5 in Fire Magic
  3623 | D:5      | Noticed Duvessa
  3633 | D:5      | Noticed Dowan
  3645 | D:5      | Killed Dowan
  3668 | D:5      | Killed Duvessa
  3668 | D:5      | Reached skill level 7 in Conjurations
  4058 | D:5      | Gained mutation: You are surrounded by a mild repulsion field. (EV +2) [demonic ancestry]
  4058 | D:5      | Reached XP level 8. HP: 52/52 MP: 9/12
  4829 | D:6      | Reached skill level 8 in Conjurations
  4913 | D:6      | Reached skill level 6 in Fire Magic
  4927 | D:6      | Found a deep blue altar of Sif Muna.
  5186 | D:7      | Found a staircase to the Ecumenical Temple.
  5237 | Temple   | Entered the Ecumenical Temple
  5275 | Temple   | Became a worshipper of Cheibriados the Contemplative
  5413 | D:6      | Reached skill level 9 in Conjurations
  6044 | D:6      | Reached * piety under Cheibriados
  6243 | D:7      | Noticed Joseph
  6252 | D:7      | Killed Joseph
  6252 | D:7      | Reached XP level 9. HP: 24/57 MP: 5/13
  6753 | D:7      | Reached skill level 10 in Conjurations
  6753 | D:7      | Reached skill level 7 in Fire Magic
  7351 | D:8      | Learned a level 5 spell: Fireball
  7372 | D:8      | Reached ** piety under Cheibriados
  7539 | D:8      | Noticed Maurice
  7570 | D:8      | Killed Maurice
  7570 | D:8      | Reached skill level 1 in Shields
  7851 | D:8      | Reached skill level 2 in Shields
  8298 | D:8      | Found Akhlem's Assorted Antiques.
  8666 | D:9      | Reached skill level 2 in Dodging
  8807 | D:9      | Noticed a two-headed ogre
  8820 | D:9      | Killed a two-headed ogre
  8820 | D:9      | Reached skill level 1 in Fighting
  8820 | D:9      | Reached skill level 3 in Shields
  8820 | D:9      | Reached skill level 8 in Fire Magic
  8820 | D:9      | Gained mutation: When hurt, damage is shared between your health and your magic reserves. [demonic ancestry]
  8820 | D:9      | Reached XP level 10. HP: 17/66 MP: 11/14
  9124 | D:9      | Got a transparent leather armour
  9131 | D:9      | Reached skill level 11 in Conjurations
  9425 | D:9      | Reached *** piety under Cheibriados
  9425 | D:9      | Reached skill level 2 in Fighting
  9566 | D:9      | Found a bloodstained altar of Trog.
  9911 | D:9      | Reached skill level 3 in Dodging
  9916 | D:9      | Reached skill level 1 in Long Blades
 10004 | D:9      | Noticed a two-headed ogre
 10010 | D:9      | Killed a two-headed ogre
 10010 | D:9      | Reached skill level 3 in Fighting
 10134 | D:10     | Entered Level 10 of the Dungeon
 10166 | D:10     | Identified the cursed +1 leather armour of Ohaureul {MR+ Slay+3 Stlth+} (You found it on level 9 of the Dungeon)
 10267 | D:10     | Reached skill level 2 in Long Blades
 10269 | D:9      | Reached skill level 4 in Shields
 10455 | D:10     | Reached **** piety under Cheibriados
 10525 | D:10     | Reached skill level 4 in Dodging
 10878 | D:10     | Noticed Fannar
 10887 | D:10     | Killed Fannar
 10887 | D:10     | Gained mutation: A demonic guardian rushes to your aid. [demonic ancestry]
 10887 | D:10     | Reached XP level 11. HP: 41/76 MP: 1/15
 10899 | D:10     | Reached skill level 1 in Invocations
 11105 | D:10     | Reached skill level 4 in Fighting
 11229 | D:10     | Reached ***** piety under Cheibriados
 11539 | D:10     | Reached skill level 1 in Armour
 12158 | D:10     | Noticed a two-headed ogre
 12164 | D:10     | Killed a two-headed ogre
 12164 | D:10     | Reached skill level 3 in Long Blades
 12164 | D:10     | Reached skill level 2 in Invocations
 12184 | D:10     | Learned a level 5 spell: Bolt of Magma
 12216 | D:10     | Reached skill level 9 in Fire Magic
 12750 | D:11     | Noticed a two-headed ogre
 12759 | D:11     | Killed a two-headed ogre
 12759 | D:11     | Reached skill level 3 in Invocations
 12770 | D:11     | Reached skill level 2 in Armour
 12770 | D:11     | Reached skill level 1 in Earth Magic
 12882 | D:11     | Reached skill level 12 in Conjurations
 13052 | D:11     | Noticed a six-headed hydra
 13065 | D:11     | Noticed a two-headed ogre
 13069 | D:11     | Killed a two-headed ogre
 13069 | D:11     | Reached skill level 5 in Shields
 13069 | D:11     | Reached skill level 4 in Spellcasting
 13082 | D:11     | HP: 7/78 [six-headed hydra (12)]
 13083 | D:11     | Slain by a six-headed hydra

Vault maps used:
D:1:      dpeg_arrival_simpleton_b, minmay_tetromino_l4
D:2:      first_ration, uniq_terence
D:4:      nicolae_ossuary_entry_monument, uniq_blork_the_orc
D:5:      serial_shops, shop, basic_altar, uniq_duvessa, uniq_edmund
D:6:      lemuel_doored_altar
D:7:      minmay_temple_entry_overgrown, uniq_joseph
D:8:      serial_shops, shop, uniq_maurice
D:9:      basic_altar, grunt_livestock
D:10:     serial_ice, serial_ice_d, serial_ice_h, serial_ice_m, serial_ice_g,
          serial_ice_e, special_room, minmay_pinched_square, uniq_fannar
D:11:     david_lair_shrubbed, tso_metal_star
Temple:   compressed_dpeg_circular_temple
Ossuary:  ossuary_crypta

Skill      XL: |  1  2  3  4  5  6  7  8  9 10 11 |
---------------+----------------------------------+-----
Conjurations   | 2 3 4 5 7 9 10 11 12 | 12.0
Fire Magic     | 3 4 5 6 8 9 |  9.1
Spellcasting   | 3 4 |  4.0
Shields        | 3 4 5 |  5.0
Dodging        | 2 4 |  4.7
Fighting       | 1 3 4 |  4.6
Long Blades    | 2 3 |  3.5
Invocations    | 3 |  3.3
Armour         | 2 |  2.1
Earth Magic    | 1 |  1.4
Stealth        | |  1.7

Action                   |  1- 3 |  4- 6 |  7- 9 | 10-12 || total
-------------------------+-------+-------+-------+-------++-------
Melee: Unarmed           |     8 |       |       |       ||     8
       Club              |     4 |       |       |       ||     4
       Dagger            |    43 |    39 |   122 |     9 ||   213
       Kick              |       |     7 |    41 |    49 ||    97
       Morningstar       |       |       |    42 |       ||    42
       Scimitar          |       |       |       |    87 ||    87
Throw: Javelin           |       |       |     4 |       ||     4
 Cast: Flame Tongue      |    56 |    53 |    42 |    12 ||   163
       Throw Flame       |     3 |    19 |    76 |    61 ||   159
       Sticky Flame      |       |     4 |    68 |    60 ||   132
       Fireball          |       |       |       |     8 ||     8
       Bolt of Magma     |       |       |       |     5 ||     5
  Use: Potion            |     2 |     1 |       |       ||     3
       Scroll            |       |       |     5 |     3 ||     8
 Stab: Sleeping          |     2 |       |     3 |     2 ||     7
       Distracted        |       |       |     1 |     1 ||     2
  Eat: Chunk             |     1 |     8 |    19 |    17 ||    45
       Ration            |       |       |     4 |     1 ||     5
Armor: Robe              |    19 |    19 |    22 |     8 ||    68
       Leather armour    |       |       |     3 |    31 ||    34
Dodge: Dodged            |    58 |    60 |   181 |   132 ||   431
Block: Buckler           |       |       |       |    45 ||    45
       Rpst.: Scimitar   |       |       |       |    27 ||    27

Table legend:
 A = Spawn XP
 B = Non-spawn XP
 C = Spawn XP percentage of total XP
 D = Spawn monster count
 E = Non-spawn monster count
 F = Spawn count percentage of total count
 G = Total turns spent on level
                    A         B        C        D         E        F      G
               +---------+---------+-------+---------+---------+-------+---------
         Total |       0 |   19180 |   0.0 |       0 |     295 |   0.0 | 13083
               +---------+---------+-------+---------+---------+-------+---------
           D:1 |       0 |      19 |   0.0 |       0 |      11 |   0.0 |   332
           D:2 |       0 |      52 |   0.0 |       0 |      16 |   0.0 |   737
           D:3 |       0 |     206 |   0.0 |       0 |      18 |   0.0 |   823
           D:4 |       0 |     463 |   0.0 |       0 |      20 |   0.0 |  1393
           D:5 |       0 |     926 |   0.0 |       0 |      30 |   0.0 |  1167
           D:6 |       0 |    1157 |   0.0 |       0 |      41 |   0.0 |  1459
           D:7 |       0 |     720 |   0.0 |       0 |       7 |   0.0 |   780
           D:8 |       0 |    1551 |   0.0 |       0 |      26 |   0.0 |  1893
           D:9 |       0 |    4154 |   0.0 |       0 |      35 |   0.0 |  1889
          D:10 |       0 |    6195 |   0.0 |       0 |      72 |   0.0 |  1701
          D:11 |       0 |    3719 |   0.0 |       0 |      18 |   0.0 |   610
       Ossuary |       0 |      18 |   0.0 |       0 |       1 |   0.0 |   189
               +---------+---------+-------+---------+---------+-------+---------
